 Dungeon Crawl Stone Soup version 0.25-a0-591-g2ad0d86 (webtiles) character file.

Game seed: 14548858484458058869, levelgen mode: deterministic

2758 Faca the Slinger (level 10, -4/71 HPs)
             Began as a Halfling Hunter on Mar 14, 2020.
             Was a Follower of Okawaru.
             Slain by a wolf (5 damage)
             ... led by Grum
             ... on level 8 of the Dungeon.
             The game lasted 00:14:41 (8278 turns).

Faca the Slinger (Halfling Hunter)                  Turns: 8278, Time: 00:14:42

Health: -4/71      AC:  8    Str: 16    XL:     10   Next: 0%
Magic:  8/10       EV: 18    Int:  9    God:    Okawaru [*.....]
Gold:   278        SH:  0    Dex: 16    Spells: 9/9 levels left

rFire    . . .     SeeInvis .   a - +2 hunting sling
rCold    . . .     Gourm    .   (shield restricted)
rNeg     . . .     Faith    .   e - +0 ring mail
rPois    .         Spirit   .   (no helmet)
rElec    .         Reflect  .   u - +1 cloak
rCorr    .         Harm     .   (no gloves)
MR       .....                  (no boots)
Stlth    +++.......             (no amulet)
HPRegen  0.21/turn              (no ring)
MPRegen  0.12/turn              (no ring)

@: heroism, lightly drained
A: small, mutation resistance 1
a: Heroism, Renounce Religion


You were on level 8 of the Dungeon.
You worshipped Okawaru.
Okawaru was aware of your devotion.
You were not hungry.

You visited 2 branches of the dungeon, and saw 8 of its levels.

You collected 278 gold pieces.

Inventory:

Hand Weapons
 a - a +2 hunting sling (weapon)
 c - a +2 dagger of freezing
Missiles
 d - 44 sling bullets
 j - 123 stones (quivered)
Armour
 e - a +0 ring mail (worn)
 u - a +1 cloak (worn)
Wands
 g - a wand of scattershot (5)
 l - a wand of paralysis (1)
 o - a wand of flame (16)
Scrolls
 b - 5 scrolls of teleportation
 h - 2 scrolls of fog
 i - a scroll of blinking
 p - 5 scrolls of enchant weapon
 t - a scroll of magic mapping {unknown}
 v - a scroll of remove curse
Potions
 k - 2 potions of mutation {unknown}
 m - a potion of heal wounds
 n - 2 potions of lignification
 q - a potion of invisibility {unknown}
 r - a potion of haste
 s - 2 potions of stabbing {unknown}
Comestibles
 f - 7 rations
 w - a chunk of flesh


   Skills:
 + Level 7.5(12.2) Fighting
 + Level 7.5(12.1) Short Blades
 + Level 12.4(17.0) Slings
 - Level 2.1(6.8) Dodging
 - Level 1.1(5.8) Stealth


You had 9 spell levels left.
You didn't know any spells.
Your spell library was empty.

Dungeon Overview and Level Annotations

Branches:
Dungeon (6/15)             Temple (1/1) D:5

Altars:
Ashenzari
Dithmenos
Fedhas
Gozag
Makhleb
Okawaru
Qazlal
Ru
Sif Muna
Uskayaw
Vehumet
Wu Jian
Yredelemnul
Zin
The Shining One
Beogh

Shops:
D:4 :   D:5 *

Annotations:
D:4 3 runed translucent doors, MinDuChiJDG's ghost, amateur DsAs
D:8 Grum


Innate Abilities, Weirdness & Mutations

You are small and have problems with some larger weapons.
You are somewhat resistant to further mutation.


Message History

Press: ? - help, Shift-Dir - straight line, f/p - orc priest
Aim: an orc priest (severely wounded)
You shoot a stone. The stone hits the orc priest.
The orc priest is severely wounded.
Grum hits you from afar with a +1 halberd!!
* * * LOW HITPOINT WARNING * * *
The wolf bites you but does no damage. The wolf closely misses you.
You are too injured to fight recklessly!
Firing (i - inventory. (/) - cycle)
j - 124 stones (quivered)
Press: ? - help, Shift-Dir - straight line, f/p - orc priest
Aim: an orc priest (severely wounded)
You shoot a stone.
The stone closely misses the orc priest.
The wolf bites you.
* * * LOW HITPOINT WARNING * * *
The orc priest invokes the aid of Beogh against you.
Beogh smites you!
* * * LOW HITPOINT WARNING * * *
The wolf bites you.
You die...

## ... .## ##
. ##... ....
#. .###....
#..#.###.....#
#..(.##.....#
#ogoh#.....#
#(##@ho....#
#. ###.....#
ho #รท....# .g
####### oo .


You could see Grum, an orc warrior, 2 wolves, an orc priest and an orc wizard.

Vanquished Creatures
  Pikel (D:5)
  A hippogriff (D:3)
  Sigmund (D:3)
  Menkaure (D:5)
  An ice beast (D:5)
  A wolf (D:8)
  2 centaurs
  2 ogres
  2 bullfrogs (D:5)
  4 scorpions
  5 wights (D:6)
  4 howler monkeys
  A crimson imp (D:6)
  An orc wizard (D:5)
  2 orc priests
  Crazy Yiuf (D:4)
  2 centaur skeletons (D:4)
  A gnoll shaman (D:4)
  Ijyb (D:3)
  3 worker ants
  A hound skeleton (D:6)
  2 worker ant zombies (D:5)
  9 adders
  8 gnolls
  2 oozes
  2 adder zombies (D:6)
  2 adder skeletons (D:4)
  5 worms
  4 leopard geckos
  11 orcs
  2 giant cockroaches (D:3)
  10 goblins
  3 hobgoblins
  18 jackals
  2 quokkas
  A ball python (D:2)
  6 bats
  7 frilled lizards
  7 kobolds
  6 rats
145 creatures vanquished.

Vanquished Creatures (others)
  A crimson imp (D:5)
  An iguana (D:5)
  An adder (D:2)
3 creatures vanquished.

Grand Total: 148 creatures vanquished

Notes
Turn   | Place    | Note
-------+----------+-------------------------------------------
     0 | D:1      | Faca the Halfling Hunter began the quest for the Orb.
     0 | D:1      | Reached XP level 1. HP: 14/14 MP: 1/1
    68 | D:1      | Reached skill level 6 in Slings
   460 | D:1      | Reached XP level 2. HP: 16/19 MP: 2/2
   896 | D:2      | Reached XP level 3. HP: 24/25 MP: 3/3
  1132 | D:2      | Reached XP level 4. HP: 30/30 MP: 4/4
  1232 | D:2      | Found a hide-covered altar of Uskayaw.
  1233 | D:2      | Found a basalt altar of Yredelemnul.
  1235 | D:2      | Found a glowing golden altar of the Shining One.
  1236 | D:2      | Found a stormy altar of Qazlal.
  1456 | D:2      | Found a radiant altar of Vehumet.
  1611 | D:2      | Reached skill level 7 in Slings
  2337 | D:3      | Noticed a centaur
  2357 | D:3      | Killed a centaur
  2357 | D:3      | Reached XP level 5. HP: 20/37 MP: 5/5
  2533 | D:3      | Reached skill level 8 in Slings
  2566 | D:3      | Reached XP level 6. HP: 11/43 MP: 6/6
  2864 | D:3      | Noticed Sigmund
  2878 | D:3      | Paralysed by Sigmund for 5 turns
  2888 | D:3      | Paralysed by Sigmund for 4 turns
  3151 | D:3      | Noticed Ijyb
  3156 | D:3      | Paralysed by Ijyb for 3 turns
  3177 | D:3      | Killed Ijyb
  3348 | D:3      | Paralysed by Sigmund for 5 turns
  3398 | D:3      | Killed Sigmund
  3398 | D:3      | Reached skill level 9 in Slings
  3398 | D:3      | Reached XP level 7. HP: 47/49 MP: 7/7
  3653 | D:3      | Noticed a hippogriff
  3667 | D:3      | Killed a hippogriff
  3667 | D:3      | Reached skill level 5 in Fighting
  4413 | D:4      | Reached XP level 8. HP: 30/55 MP: 8/8
  4448 | D:4      | Reached skill level 10 in Slings
  4978 | D:4      | Found a runed translucent door.
  4979 | D:4      | Noticed Crazy Yiuf
  4993 | D:4      | Killed Crazy Yiuf
  5083 | D:4      | Found Jaokueb's Book Boutique.
  5130 | D:4      | Noticed MinDuChiJDG's ghost (amateur DsAs)
  5131 | D:4      | Found a runed translucent gate.
  5132 | D:4      | Found a runed translucent gate.
  5133 | D:4      | Found a roughly hewn altar of Beogh.
  5133 | D:4      | Found a runed translucent gate.
  5135 | D:4      | Identified the cursed +0 scale mail of Liberty {rF- MR++
                  | Dex+5}
  5340 | D:5      | Entered Level 5 of the Dungeon
  5716 | D:5      | Noticed Pikel
  5813 | D:5      | Killed Pikel
  5813 | D:5      | Reached skill level 5 in Short Blades
  5813 | D:5      | Reached skill level 11 in Slings
  5813 | D:5      | Reached XP level 9. HP: 6/63 MP: 9/9
  6151 | D:5      | Noticed Menkaure
  6162 | D:5      | Killed Menkaure
  6269 | D:5      | Found Zegelan's Lightly-Used Armoury.
  6714 | D:5      | Found a blossoming altar of Fedhas.
  6778 | D:5      | Found a staircase to the Ecumenical Temple.
  6784 | Temple   | Entered the Ecumenical Temple
  6907 | Temple   | Became a worshipper of Warmaster Okawaru
  7616 | D:5      | Reached skill level 12 in Slings
  7724 | D:6      | Reached * piety under Okawaru
  8241 | D:6      | You fall into a shaft and drop 2 floors!
  8252 | D:8      | Noticed Grum
  8274 | D:8      | Reached XP level 10. HP: 45/71 MP: 7/10
  8278 | D:8      | HP: 1/71 [orc priest/divine providence (15)]
  8278 | D:8      | Slain by a wolf

Levels and vault maps discovered:
D:1:      doesnt_arrival_eight_statues, layout_loops_cross, hex_tiny
D:2:      layout_loops_corners, grunt_temple_overflow_open, fiery_altar_vehumet
D:3:      layout_basic, uniq_ijyb, uniq_sigmund
D:4:      layout_cave_pools, biasface_ghost_orc_armoury, serial_shops, shop,
          uniq_crazy_yiuf_cottage
D:5:      layout_loops_ring, fedhas_altar_fruit_tree, minmay_temple_entry_hall,
          first_ration, minmay_shop_damaged, uniq_menkaure, uniq_pikel
D:6:      layout_cave_pools, minivault_4
D:8:      layout_rooms, uniq_grum
Temple:   regret_index_temple_generic_petals

Skill      XL: |  1  2  3  4  5  6  7  8  9 |
---------------+----------------------------+-----
Fighting       | 2 3 4 5 6 7 |  7.5
Slings         | 6 7 8 9 11 12 | 12.4
Short Blades   | 2 5 7 |  7.5
Dodging        | |  2.1
Stealth        | |  1.1

Action                   |  1- 3 |  4- 6 |  7- 9 | 10-12 || total
-------------------------+-------+-------+-------+-------++-------
Melee: Short sword       |    15 |       |       |       ||    15
       Dagger            |    59 |   194 |   281 |       ||   534
 Fire: Hunting sling     |       |     9 |   220 |     4 ||   233
Throw: Throwing net      |       |     1 |       |       ||     1
Invok: Heroism           |       |       |     1 |       ||     1
  Use: Scroll            |     3 |     4 |     8 |       ||    15
       Potion            |       |     1 |     1 |       ||     2
 Stab: Sleeping          |     1 |       |     1 |       ||     2
  Eat: Chunk             |     1 |     7 |    12 |       ||    20
       Ration            |       |       |     1 |       ||     1
Armor: Ring mail         |    22 |    65 |    76 |     2 ||   165
Dodge: Dodged            |    31 |   143 |   246 |     8 ||   428

Table legend:
 A = Non-vault XP
 B = Vault XP
 C = Vault XP percentage of total XP
 D = Non-vault monster count
 E = Vault monster count
 F = Vault count percentage of total count
                 A         B        C        D         E       F
            +---------+---------+-------+---------+---------+-------
      Total |    2688 |    1252 |  31.8 |     139 |       6 |   4.1
            +---------+---------+-------+---------+---------+-------
        D:1 |      22 |       0 |   0.0 |      15 |       0 |   0.0
        D:2 |      68 |       0 |   0.0 |      23 |       0 |   0.0
        D:3 |     471 |     262 |  35.7 |      32 |       2 |   5.9
        D:4 |     624 |      39 |   5.9 |      22 |       1 |   4.3
        D:5 |     890 |     835 |  48.4 |      30 |       2 |   6.2
        D:6 |     570 |       0 |   0.0 |      15 |       0 |   0.0
        D:8 |      43 |     116 |  73.0 |       2 |       1 |  33.3
            +---------+---------+-------+---------+---------+-------
